 Seeded DCSS version 0.27-a0-1105-g946c659c87 (webtiles) character file.

Game seed: 20210428 (custom seed)

548 Snicker the Sneak (level 7, -2/51 HPs)
             Began as a Demonspawn Brigand on Apr 29, 2021.
             Slain by a black bear (6 damage)
             ... on level 6 of the Dungeon.
             The game lasted 00:07:34 (4379 turns).

Snicker the Sneak (Demonspawn Brigand)              Turns: 4379, Time: 00:07:36

Health: -2/51      AC:  8    Str:  9 (11) XL:     7   Next: 7%
Magic:  7/7        EV: 11    Int: 12 (13) God:
Gold:   167        SH:  0    Dex: 14 (16) Spells: 6/6 levels left

rFire    . . .     SeeInvis .   b - +1 whip (elec)
rCold    . . .     Faith    .   (no shield)
rNeg     . . .     Spirit   .   g - +0 leather armour
rPois    .         Reflect  .   r - +1 hat
rElec    .         Harm     .   c - +0 cloak
rCorr    .         Rampage  .   t - +2 pair of gloves
Will     .....                  (no boots)
Stlth    +++.......             (no amulet)
HPRegen  0.17/turn              (no ring)
MPRegen  0.10/turn              (no ring)

@: mighty
A: talons 2, spiny 2
a: no special abilities


You were on level 6 of the Dungeon.
You visited 1 branch of the dungeon, and saw 5 of its levels.
You also visited: Sewer.

You collected 167 gold pieces.

Inventory:

Hand Weapons
 a - a +2 dagger
 b - a +1 whip of electrocution (weapon)
Missiles
 d - 10 poisoned darts
 e - 2 curare-tipped darts (quivered)
 h - 3 throwing nets
Armour
 c - a +0 cloak (worn)
 g - a +0 leather armour (worn)
 q - a +0 robe
 r - a +1 hat (worn)
 t - a +2 pair of gloves (worn)
Jewellery
 k - an amulet of faith
Scrolls
 f - a scroll of enchant weapon {unknown}
 i - 3 scrolls of amnesia {unknown}
 j - a scroll of summoning {unknown}
 l - a scroll of fear {unknown}
 m - 5 scrolls of identify {unknown}
 n - a scroll of vulnerability {unknown}
 u - a scroll of fog {unknown}
 v - a scroll of blinking {unknown}
 w - a scroll of teleportation {unknown}
 y - a scroll of noise {unknown}
 C - 2 scrolls of magic mapping {unknown}
Potions
 o - a potion of attraction {unknown}
 x - a potion of invisibility
 z - a potion of flight
 B - a potion of brilliance {unknown}


   Skills:
 + Level 2.9 Fighting
 * Level 3.3 Short Blades
 + Level 2.1 Maces & Flails
 + Level 1.8 Throwing
 + Level 2.3 Armour
 + Level 2.0 Dodging
 * Level 5.8 Stealth


You had 6 spell levels left.
You didn't know any spells.
Your spell library contained the following spells:

 Spells                   Type           Power      Damage    Failure   Level
 Corona                   Hex            0%         N/A       41%         1
 Ensorcelled Hibernation  Hex/Ice        0%         N/A       56%         2
 Confusing Touch          Hex            0%         N/A       80%         3
 Dazzling Flash           Conj/Hex       0%         N/A       80%         3
 Tukima's Dance           Hex            0%         N/A       80%         3


Dungeon Overview and Level Annotations

Branches:
Dungeon (4/15)              Sewer (visited)
 Temple: D:4-7

Altars:
Ashenzari
Hepliaklqana
Nemelex Xobeh
Uskayaw
Zin


Innate Abilities, Weirdness & Mutations

You have razor-sharp toenails.
You are mostly covered in sharp spines.


Message History

Something hits you but does no damage.
The black bear is struck by your spines.
The black bear closely misses you. The black bear barely misses you.
The black bear claws you but does no damage.
You feel sick.
The black bear is struck by your spines.
The black bear closely misses you. x2; The black bear claws you.
You're too confused to move!
You feel less confused.
You feel sick. The scorpion barely misses you. The orc hits you with a +0 whip.
* * * LOW HITPOINT WARNING * * *
The black bear is struck by your spines.
The black bear bites you but does no damage.
The black bear claws you but does no damage. x2
It was a potion of might.
You feel very mighty all of a sudden.
You feel sick. The scorpion stings you.
* * * LOW HITPOINT WARNING * * *
You are lethally poisoned!
The scorpion poisons you! The orc is struck by your spines.
The orc barely misses you.
The black bear goes berserk!
The scorpion stings you.
* * * LOW HITPOINT WARNING * * *
It was a potion of degeneration.
There was something very wrong with that liquid.
You feel weakened.
You feel dopey.
You feel clumsy.
* * * LOW HITPOINT WARNING * * *
You feel very sick. The orc is struck by your spines.
You kill the orc!
The black bear barely misses you. The black bear closely misses you. x2
The scorpion stings you but does no damage.
It was a potion of curing.
You feel better.
The black bear is struck by your spines.
The black bear completely misses you. The black bear claws you.
* * * LOW HITPOINT WARNING * * *
The black bear barely misses you. The scorpion stings you.
* * * LOW HITPOINT WARNING * * *
The black bear bites you.
You die...

##########
#........#
###o######.#
##...s@.....#
#....h)###..#
#.........†.#
#....#.###.#######
#.†....#....(......#
#...#######...####.#
......
.......####.####
....###
#####..##....†.#
...... ......#.##.#


You could see a black bear (berserk), a scorpion and an orc.

Vanquished Creatures
  The ghost of dolemite99 the Chopper, an amateur HOMo of Beogh (D:3)
  A scorpion (D:6)
  A water moccasin skeleton (D:4)
  A bullfrog zombie (D:3)
  An orc priest (D:4)
  A bullfrog skeleton (D:3)
  A centaur skeleton (D:3)
  An iguana (D:6)
  2 killer bee zombies
  4 adders
  A dart slug (D:1)
  6 worms
  8 orcs
  12 ball pythons
  14 bats
  6 endoplasms
  3 giant cockroaches
  9 goblins
  8 hobgoblins
  10 jackals
  7 kobolds
  2 quokkas
  7 frilled lizards
  4 rats
111 creatures vanquished.

Vanquished Creatures (others)
  A dart slug (D:1)
  A bat (D:1)
  A quokka (D:4)
  8 plants (D:4)
11 creatures vanquished.

Grand Total: 122 creatures vanquished

Notes
Turn   | Place    | Note
-------+----------+-------------------------------------------
     0 | D:1      | Snicker the Demonspawn Brigand began the quest for the Orb.
     0 | D:1      | Reached XP level 1. HP: 16/16 MP: 1/1
   211 | D:1      | Found a faded altar of an unknown god.
   300 | D:1      | Reached skill level 4 in Stealth
   424 | D:1      | Gained mutation: You are partially covered in sharp spines.
                  | [demonic ancestry]
   424 | D:1      | Reached XP level 2. HP: 22/22 MP: 2/2
   553 | D:1      | Reached skill level 1 in Dodging
  1206 | D:2      | Gained mutation: You have sharp toenails. [demonic
                  | ancestry]
  1206 | D:2      | Reached XP level 3. HP: 27/27 MP: 3/3
  1267 | D:2      | Found a hide-covered altar of Uskayaw.
  2248 | D:3      | Reached skill level 5 in Stealth
  2252 | D:3      | Reached XP level 4. HP: 31/33 MP: 4/4
  2575 | D:3      | Found a broken altar of Ashenzari.
  2691 | D:3      | Found a runed translucent gate.
  2693 | D:3      | Found a runed translucent gate.
  2695 | D:3      | Found a runed translucent gate.
  2697 | D:3      | Noticed dolemite99's ghost (amateur HOMo)
  2752 | D:3      | Found a hide-covered altar of Uskayaw.
  2902 | D:3      | Found a glowing drain.
  2916 | Sewer    | Entered a sewer
  2979 | Sewer    | Reached skill level 1 in Armour
  3371 | Sewer    | Gained mutation: You have razor-sharp toenails. [demonic
                  | ancestry]
  3371 | Sewer    | Reached XP level 5. HP: 5/38 MP: 5/5
  3796 | D:3      | Killed dolemite99's ghost
  3797 | D:3      | Reached skill level 1 in Maces & Flails
  3797 | D:3      | Reached XP level 6. HP: 36/46 MP: 6/6
  4073 | D:4      | Found a sparkling altar of Nemelex Xobeh.
  4279 | D:4      | Found a hazy altar of Hepliaklqana.
  4322 | D:4      | You fall into a shaft and drop 2 floors!
  4346 | D:6      | Gained mutation: You are mostly covered in sharp spines.
                  | [demonic ancestry]
  4346 | D:6      | Reached XP level 7. HP: 51/51 MP: 7/7
  4379 | D:6      | Slain by a black bear

Illustrated notes

Levels and vault maps discovered:
D:1:      psy_arrival_terrarium, layout_loops_cross,
          hellmonk_ecumenical_altar_crossroads, minivault_26,
          lemuel_flame_loot_1
D:2:      layout_loops_corners, basic_altar, amethyst_killhole
D:3:      layout_rooms, lemuel_tele_altar, nicolae_uskayaw_dance_hall,
          nicolae_ashenzari_skybound, gammafunk_ghost_necromancy,
          portal_sewer_entry_b, guppyfry_early_orc_mine
D:4:      layout_basic, elyvilon_altar_4, nicolae_overflow_crystal_walls,
          slow_altar_2, nicolae_hepliaklqana_hazy_memory,
          minmay_temple_entry_slanted, uniq_eustachio
D:6:      layout_basic, xom_butterflies, serial_glass, glass_columns_c,
          glass_columns_a, minmay_strange_pillars

Skill      XL: |  1  2  3  4  5  6 |
---------------+-------------------+-----
Stealth        | 4 5 |  5.8
Dodging        | 1 2 |  2.0
Short Blades   | 2 3 |  3.3
Armour         | 1 2 |  2.3
Maces & Flails | 1 2 |  2.1
Fighting       | |  2.9
Throwing       | |  1.8

Action                   |  1- 3 |  4- 6 |  7- 9 || total
-------------------------+-------+-------+-------++-------
Melee: Dagger            |    74 |    31 |       ||   105
       Kick              |     3 |    26 |     1 ||    30
       Whip              |       |   115 |     4 ||   119
Throw: Dart              |     1 |       |       ||     1
  Use: Potion            |       |     3 |     3 ||     6
 Stab: Sleeping          |    14 |     2 |       ||    16
       Invisible         |       |     2 |       ||     2
Armor: Leather armour    |    18 |    50 |     9 ||    77
Dodge: Dodged            |    35 |    87 |    16 ||   138

Table legend: (Time is in decaauts)
 A = Elapsed time spent in this place.
 B = Non-inter-level travel time spent in this place.
 C = Inter-level travel time spent in this place.
 D = Time resting spent in this place.
 E = Time spent auto-exploring this place.
 F = Levels seen in this place.
 G = Mean time per level.
                   A        B        C        D        E       F      G
               +--------+--------+--------+--------+--------+-----+--------+
         Total |   4481 |   4428 |     53 |    555 |   2876 |   6 |  746.8 |
       Dungeon |   3584 |   3531 |     53 |    291 |   2495 |   5 |  716.8 |
         Sewer |    896 |    896 |      0 |    264 |    381 |   1 |  896.0 |
               +--------+--------+--------+--------+--------+-----+--------+

Top non-repeatable levels by time:
     D:2: 1260 daAuts
     D:1: 964 daAuts
     D:3: 938 daAuts
   Sewer: 896 daAuts
     D:4: 365 daAuts
     D:6: 55 daAuts
